 Dungeon Crawl Stone Soup version 0.28.0-45-g0d030f2227 (webtiles) character file.

Game seed: 649776039882415593

21 Antichthon the Grasshopper (level 2, -1/26 HPs)
             Began as a Naga Warper on Apr 8, 2022.
             Was a Follower of Cheibriados.
             Slain by a gnoll
             ... wielding a +0 whip
              (5 damage)
             ... on level 1 of the Dungeon.
             The game lasted 00:05:07 (1299 turns).

Antichthon the Grasshopper (Naga Warper)            Turns: 1299, Time: 00:05:08

Health: -1/26      AC:  2    Str: 16    XL:     2   Next: 87%
Magic:  2/5        EV:  9    Int: 16    God:    Cheibriados [*.....]
Gold:   46         SH:  0    Dex: 13    Spells: 3/5 levels left

rFire   . . .      SeeInvis +   a - +0 hand axe
rCold   . . .      Faith    .   (no shield)
rNeg    . . .      Spirit   .   b - +0 leather armour
rPois   +          Reflect  .   (no helmet)
rElec   .          Harm     .   (no cloak)
rCorr   .          Rampage  .   (no gloves)
Will    .....                   (no barding)
Stlth   +.........              (no amulet)
HPRegen 0.08/turn               (no ring)
MPRegen 0.09/turn               (no ring)

@: very slow
A: AC +0, large, see invisible, deformed body, poison resistance, slowness 2,
spit poison 1, naga tail 1
a: Spit Poison, Renounce Religion, Bend Time


You were on level 1 of the Dungeon.
You worshipped Cheibriados.
Cheibriados was aware of your devotion.
You visited 1 branch of the dungeon, and saw 2 of its levels.

You collected 46 gold pieces.

Inventory:

Hand Weapons
 a - a +0 hand axe (weapon)
Missiles
 d - 2 boomerangs of dispersal (quivered)
Armour
 b - a +0 leather armour (worn)
Scrolls
 c - a scroll of blinking
Potions
 e - a potion of heal wounds {unknown}
 f - a potion of might {unknown}
 g - a potion of degeneration {unknown}


   Skills:
 + Level 2.0 Fighting
 + Level 2.3 Axes
 - Level 0.8 Throwing
 + Level 0.9 Armour
 + Level 1.6 Dodging
 * Level 1.4 Stealth
 + Level 2.1 Spellcasting
 + Level 3.3 Translocations


You had 3 spell levels left.
You knew the following spells:

 Your Spells              Type           Power      Damage    Failure   Level
a - Blink                 Tloc           24%        N/A       10%         2

Your spell library contained the following spells:

 Spells                   Type           Power      Damage    Failure   Level
 Gell's Gravitas          Tloc           12%        N/A       19%         3
 Lesser Beckoning         Tloc           12%        N/A       19%         3
 Teleport Other           Tloc           12%        N/A       19%         3
 Beastly Appendage        Tmut           2%         N/A       26%         1
 Wereblood                Tmut           1%         N/A       36%         2
 Spider Form              Tmut/Pois      1%         N/A       58%         3
 Manifold Assault         Tloc           12%        N/A       87%         5


Dungeon Overview and Level Annotations

Branches:
Dungeon (2/15)

Altars:
Cheibriados


Innate Abilities, Weirdness & Mutations

Your serpentine skin is tough. (AC +0)
You have supernaturally acute eyesight. (SInv)
Armour fits poorly on your strangely shaped body.
Your system is resistant to poisons. (rPois)
You cover ground very slowly.
You can spit poison.
You have a snake-like lower body.


Message History

There is a stone staircase leading up here.
The gnoll hits you with a +0 whip!
The gnoll hits you from afar with a +0 spear.
The gnoll hits you with a +0 whip!
The gnoll hits you from afar with a +0 spear.
There is a stone staircase leading up, spattered with blood here.
Unknown command.
The gnoll barely misses you. The gnoll hits you but does no damage.
You climb upwards.
There is a stone staircase leading down here.
Throw: 3 boomerangs (disperse)
Press: ? - help, Q - select action, (/) - cycle Shift-Dir - straight line, f - gnoll
Aim: a gnoll, wielding a +0 whip (61% to hit)
You throw a boomerang of dispersal.
The boomerang of dispersal hits the gnoll.
The gnoll blinks!
The gnoll is moderately wounded.
Aiming: Spit Poison (2% risk of failure)
Press: ? - help, Shift-Dir - straight line, f/p - gnoll
Aim: a gnoll, wielding a +0 whip (moderately wounded, 65% to hit)
The splash of poison hits the gnoll.
The gnoll is heavily wounded.
You fail to use your ability.
Annotate which branch? (. - D:1, ? - help, ! - show branch list)
Okay, then.
The flow of time bends around you.
Cheibriados rebukes the gnoll.
The gnoll seems to slow down.
The gnoll hits you with a +0 whip.
* * * LOW HITPOINT WARNING * * *
You hit the gnoll but do no damage.
The gnoll is heavily wounded.
The gnoll barely misses you.
You barely miss the gnoll.
The gnoll is heavily wounded.
The gnoll barely misses you.
You hit the gnoll.
The gnoll is almost dead.
You have got your breath back.
The gnoll hits you with a +0 whip.
You die...

##.....≈# #≈....##
#......≈## ##≈.....#
#......≈≈####≈≈......
#######.......≈≈≈≈≈≈......(
#..........................
##.#####..##..........##...
#.# #...#..........#....
#.# #.#..............###
#.# #.#@g)...#...^..##
#.#####.#.#...###....##
#.......#.##### ######
#########.# #.#
##.################
#..................
###################


You could see a gnoll (slow).

Vanquished Creatures
  A gnoll (D:1)
  A dart slug (D:1)
  An endoplasm (D:1)
  3 goblins (D:1)
  A ball python (D:1)
  A bat (D:1)
  A frilled lizard (D:1)
  2 kobolds (D:1)
  A rat (D:1)
12 creatures vanquished.

Notes
Turn   | Place    | Note
-------+----------+-------------------------------------------
     0 | D:1      | Antichthon the Naga Warper began the quest for the Orb.
     0 | D:1      | Reached XP level 1. HP: 19/19 MP: 3/3
    29 | D:1      | Found a faded altar of an unknown god.
    44 | D:1      | Prayed at the altar of an unknown god.
    44 | D:1      | Became a worshipper of Cheibriados the Contemplative
    44 | D:1      | Reached * piety under Cheibriados
   373 | D:1      | Reached skill level 1 in Stealth
   377 | D:1      | Reached XP level 2. HP: 20/26 MP: 5/5
   461 | D:1      | Learned a level 2 spell: Blink
  1299 | D:1      | Slain by a gnoll

Illustrated notes

Levels and vault maps discovered:
D:1:      roderic_chinese_lattice_arrival, layout_basic,
          shapermc_ecumenical_altar_venn, kennysheep_decorative_pillar,
          nicolae_concentric_dashed_squares_wild,
          corexii_item_surrounded_by_moat, chequers_serial_rivers_micro_d,
          minmay_cut_off
D:2:      layout_loops_ring, uniq_robin

Skill      XL: |  1 |
---------------+----+-----
Stealth        | 1 |  1.4
Fighting       | |  2.0
Axes           | |  2.3
Throwing       | |  0.8
Armour         | |  0.9
Dodging        | |  1.6
Spellcasting   | |  2.1
Translocations | |  3.3

Action                   || total
-------------------------++-------
Melee: Hand axe          ||    24
Throw: Boomerang         ||     3
Invok: Bend Time         ||     1
 Abil: Spit Poison       ||     3
Armor: Leather armour    ||     4
Dodge: Dodged            ||    15
